 Dungeon Crawl Stone Soup version 0.20-a0-494-gf50ee04 (webtiles) character file.

182 nikopol the Skirmisher (level 5, -3/34 HPs)
             Began as a Gargoyle Berserker on Jan 17, 2017.
             Was a Believer of Trog.
             Killed from afar by a white imp (6 damage)
             ... with a puff of frost
             ... summoned by Natasha
             ... on level 3 of the Dungeon.
             The game lasted 00:04:17 (2482 turns).

nikopol the Skirmisher (Gargoyle Berserker)         Turns: 2482, Time: 00:04:18

Health: -3/34      AC: 12    Str: 21    XL:     5   Next: 61%
Magic:  5/5        EV: 10    Int:  7    God:    Trog [**....]
Gold:   125        SH:  0    Dex: 10    Spells: 4/4 levels left

rFire    . . .     SeeInvis .   a - +0 hand axe
rCold    . . .     Gourm    .   e - +0 scale mail
rNeg     + . .     Faith    .   (no shield)
rPois    ∞         Spirit   .   (no helmet)
rElec    +         Reflect  .   (no cloak)
rCorr    .         Harm     .   (no gloves)
MR       ++...                  m - +0 pair of boots (curse)
Stlth    ..........             (no amulet)
Regen    1.2/turn               (no ring)
                                (no ring)

@: exhausted, regenerating, slowed, very slow
A: negative energy resistance 1, electricity resistance, unbreathing,
petrification resistance, rot immunity, AC +4
a: Berserk, Trog's Hand, Burn Spellbooks, Renounce Religion


You were on level 3 of the Dungeon.
You worshipped Trog.
Trog was pleased with you.
You were not hungry.

You visited 1 branch of the dungeon, and saw 3 of its levels.

You collected 125 gold pieces.

Inventory:

Hand Weapons
 a - a +0 hand axe (weapon)
Armour
 b - a +0 animal skin
 d - a +0 pair of boots
 e - a +0 scale mail (worn)
 m - a cursed +0 pair of boots (worn)
Jewellery
 t - an uncursed ring of poison resistance {unknown}
Scrolls
 f - a scroll of identify {unknown}
 g - a scroll of fog {unknown}
 n - a scroll of remove curse {unknown}
 p - a scroll of noise {unknown}
 s - a scroll of magic mapping {unknown}
Potions
 i - a potion of heal wounds {unknown}
 j - a potion of ambrosia {unknown}
 l - a potion of brilliance {unknown}
 q - a potion of might {unknown}
 r - a potion of invisibility {unknown}
Comestibles
 c - 4 bread rations
 h - 6 chunks of flesh
 k - 2 meat rations
 o - a royal jelly


   Skills:
 + Level 4.3 Fighting
 + Level 3.7 Axes
 + Level 3.4 Armour
 + Level 2.6 Dodging


You had 4 spell levels left.
You didn't know any spells.

Dungeon Overview and Level Annotations

Branches:
Dungeon (3/15)

Altars:

Annotations:
D:3 Natasha


Innate Abilities, Weirdness & Mutations

You are resistant to torment.
Your stone body is resilient. (AC +4)
You are immune to poison.
You resist negative energy. (rN+)
You are resistant to electric shocks. (rElec)
You can survive without breathing.
You are immune to petrification.
You are immune to rotting.


Message History

This raw flesh tastes terrible.
You start resting.
Natasha, Servant of Life and Death comes into view.
Natasha is nearby!
Natasha extends her claws.
Things that are here:
a quokka skeleton; an adder corpse Natasha casts a spell at you.
The magic dart hits you!
* * * LOW HITPOINT WARNING * * *
Natasha casts a spell at you. The magic dart hits you!
* * * LOW HITPOINT WARNING * * *
Natasha mumbles some strange words.
Your skin crawls.
You feel resistant to hostile enchantments.
You feel somewhat more hungry. The white imp gestures at you.
The puff of frost hits you!
You die...

..... .......
##..... . ...
.)..... ........
##....#. ...... #
#....# #. #....#
#..##....#
#......@.#
#.###..### #.#
#..# #.# #†÷#
#####.###5.###[#
#........).....#
#####.####.......#
#.# #..##.#.# #.#
##...> ..+


You could see a white imp.

Vanquished Creatures
  Natasha (D:3)
  3 gnolls (D:3)
  7 adders
  A worm (D:2)
  A dart slug (D:1)
  3 leopard geckos
  7 orcs (D:3)
  8 bats
  A giant cockroach (D:3)
  4 goblins
  2 hobgoblins (D:2)
  6 kobolds
  3 quokkas
  4 frilled lizards (D:1)
  8 rats
59 creatures vanquished.

Vanquished Creatures (others)
  A leopard gecko (D:3)
1 creature vanquished.

Grand Total: 60 creatures vanquished

Notes
Turn   | Place    | Note
-------+----------+-------------------------------------------
     0 | D:1      | nikopol the Gargoyle Berserker began the quest for the Orb.
     0 | D:1      | Reached XP level 1. HP: 14/14 MP: 1/1
     6 | D:1      | Noticed an iguana
     7 | D:1      | Noticed a black bear
     7 | D:1      | Noticed a wolf
   214 | D:1      | Reached XP level 2. HP: 13/19 MP: 2/2
   766 | D:2      | Reached XP level 3. HP: 6/23 MP: 3/3
  1720 | D:3      | Reached XP level 4. HP: 19/29 MP: 4/4
  1720 | D:3      | Reached ** piety under Trog
  1982 | D:3      | Reached skill level 4 in Fighting
  2287 | D:3      | Reached XP level 5. HP: 33/33 MP: 5/5
  2443 | D:3      | Noticed Natasha
  2460 | D:3      | Killed Natasha
  2478 | D:3      | Noticed Natasha
  2481 | D:3      | HP: 1/34 [Natasha/magic dart (7)]
  2482 | D:3      | Killed from afar by a white imp

Vault maps used:
D:1:      onia_arrival_zoo_common
D:2:      first_bread
D:3:      uniq_natasha

Skill      XL: |  1  2  3  4 |
---------------+-------------+-----
Axes           | 3 |  3.7
Dodging        | 2 |  2.6
Armour         | 3 |  3.4
Fighting       | 4 |  4.3

Action                   |  1- 3 |  4- 6 || total
-------------------------+-------+-------++-------
Melee: Hand axe          |   107 |    83 ||   190
Invok: Berserk           |     2 |     2 ||     4
       Trog's Hand       |       |     1 ||     1
  Eat: Chunk             |     4 |     5 ||     9
Armor: Animal skin       |     7 |       ||     7
       Scale mail        |    50 |    68 ||   118
Dodge: Dodged            |    64 |    87 ||   151
